 Dungeon Crawl Stone Soup version 0.20-a0 (webtiles) character file.

2559 varam the Basher (level 9, 0/51 HPs)
             Began as a Gargoyle Monk on Oct 27, 2016.
             Was a Priest of Okawaru.
             Slain by a seven-headed hydra (10 damage)
             ... on level 7 of the Dungeon.
             The game lasted 00:19:54 (8622 turns).

varam the Basher (Gargoyle Monk)                    Turns: 8622, Time: 00:19:55

Health: 0/51       AC: 18    Str: 19    XL:     9   Next: 56%
Magic:  9/9        EV: 11    Int: 14    God:    Okawaru [***...]
Gold:   170        SH:  4    Dex: 12    Spells: 0 memorised, 8 levels left

rFire  . . .     SeeInvis .     e - +0 flail (venom)
rCold  + . .     Gourm    .     w - +0 scale mail
rNeg   + . .     Faith    .     (no shield)
rPois  ∞         Spirit   .     o - +0 helmet
rElec  +         Reflect  +     (no cloak)
rCorr  .         Harm     .     q - +1 pair of gloves
MR     .....                    Q - +0 pair of boots
Stlth  +.........               z - +4 amulet of reflection
                                J - +4 ring of intelligence
                                E - ring of protection from cold

@: about to teleport
A: negative energy resistance 1, electricity resistance, unbreathing,
petrification resistance, rot immunity, AC +5
a: Heroism, Renounce Religion


You were on level 7 of the Dungeon.
You worshipped Okawaru.
Okawaru was most pleased with you.
You were hungry.

You visited 2 branches of the dungeon, and saw 9 of its levels.

You collected 315 gold pieces.
You spent 145 gold pieces at shops.

Inventory:

Hand Weapons
 a - a +0 mace
 e - a +0 flail of venom (weapon)
 I - a +0 whip
 O - a +0 flail
Missiles
 H - 193 stones (quivered)
Armour
 o - a +0 helmet (worn)
 q - a +1 pair of gloves (worn)
 w - a +0 scale mail (worn)
 M - a +0 plate armour
 Q - a +0 pair of boots (worn)
Jewellery
 b - an uncursed amulet of guardian spirit
 z - a +4 amulet of reflection (around neck)
 E - a ring of protection from cold (left hand)
 F - an uncursed amulet of the gourmand
 J - a +4 ring of intelligence (right hand)
Wands
 v - a wand of iceblast (7/15)
 y - a wand of lightning (8/15)
 A - a wand of random effects (29/48)
 P - a wand of slowing (34/48)
Scrolls
 d - 4 scrolls of immolation
 g - a scroll of blinking {unknown}
 k - 2 scrolls of remove curse {@r2}
 l - 2 scrolls of amnesia {unknown}
 p - 2 scrolls of recharging {unknown}
 s - a scroll of magic mapping
 x - 2 scrolls of teleportation
 D - 4 scrolls of enchant weapon
 K - a scroll of enchant armour {unknown}
 R - a scroll of noise {unknown}
Potions
 i - 5 potions of heal wounds
 m - a potion of flight {unknown}
 n - a potion of resistance {unknown}
 r - a potion of invisibility {unknown}
 t - a potion of magic {unknown}
 u - a potion of degeneration {unknown}
 G - a potion of curing {unknown}
 L - 2 potions of haste
 N - a potion of might {unknown}
Comestibles
 c - 8 bread rations
 f - 6 fruits
 h - 3 chunks of flesh
 j - 5 meat rations
 B - 2 beef jerkies
 C - 2 slices of pizza


   Skills:
 - Level 3.2 Fighting
 + Level 10.5 Maces & Flails
 + Level 8.3 Armour
 - Level 2.4 Dodging
 - Level 2.1 Stealth


You had 8 spell levels left.
You didn't know any spells.

Dungeon Overview and Level Annotations

Branches:
Dungeon (8/15)             Temple (1/1) D:6
   Lair: D:8-11

Altars:
Ashenzari
Cheibriados
Dithmenos
Fedhas
Kikubaaqudgha
Nemelex Xobeh
Okawaru
Qazlal
Ru
Sif Muna
Trog
Uskayaw
Vehumet
The Shining One

Shops:
D:4 ?   D:5 *


Innate Abilities, Weirdness & Mutations

You are resistant to torment.
Your stone body is resilient. (AC +5)
You are immune to poison.
You resist negative energy. (rN+)
You are resistant to electric shocks. (rElec)
You can survive without breathing.
You are immune to petrification.
You are immune to rotting.


Message History

Here: a seven-headed hydra The floor.
The seven-headed hydra bites you.
The seven-headed hydra bites you but does no damage.
The seven-headed hydra bites you! x2; The seven-headed hydra misses you.
The seven-headed hydra barely misses you.
The seven-headed hydra bites you but does no damage.
There is a stone staircase leading up here.
The seven-headed hydra bites you!
The seven-headed hydra bites you but does no damage. x2
The seven-headed hydra bites you!
* * * LOW HITPOINT WARNING * * *
You block the seven-headed hydra's attack.
The seven-headed hydra barely misses you.
The seven-headed hydra bites you but does no damage.
You climb upwards.
There is a stone staircase leading down here.
As you read the scroll of teleportation, it crumbles to dust.
You feel strangely unstable. The seven-headed hydra bites you!
You die...

#..............#
##.............#
#.............##
##.............# ###
#.............#
##.###.............#
##...###........>...#
#....###.....<..)...#
......##........@D.##
......###.#.....####
.......##.#..####
.......##..### ### ###
#......###.## #####.###.#
##......##..###>....#...#
##....##............####
##...#..#..........#
##.#..#.........(.#


You could see a seven-headed hydra.

Vanquished Creatures
  The ghost of patrickswayze the Insei, an amateur DsMo (D:3)
  A spriggan (D:7)
  Eustachio (D:5)
  A hungry ghost (D:7)
  An orc warrior (D:7)
  A black bear (D:6)
  3 centaurs
  An ogre (D:7)
  2 bullfrogs
  A gnoll sergeant (D:6)
  2 scorpions
  3 howler monkeys (D:7)
  An electric eel (D:7)
  3 crimson imps
  2 bullfrog zombies
  An orc priest (D:3)
  A jelly (D:7)
  3 hounds
  4 orc wizards
  2 bullfrog skeletons
  3 worker ants
  An iguana (D:7)
  2 hound zombies (D:6)
  3 worker ant zombies
  6 gnolls
  14 adders
  2 shadow imps (D:5)
  2 oozes
  2 worms
  A dart slug (D:4)
  7 leopard geckos
  10 orcs
  11 giant cockroaches
  6 goblins
  11 hobgoblins
  18 jackals
  12 kobolds
  4 quokkas
  3 ball pythons
  9 bats
  5 frilled lizards
  2 leopard gecko skeletons (D:4)
  2 leopard gecko zombies (D:6)
  A quokka skeleton (D:6)
  9 rats
181 creatures vanquished.

Vanquished Creatures (others)
  A jelly (D:6)
  A hound (D:6)
  A gnoll (D:6)
  An adder (D:6)
  A leopard gecko skeleton (D:6)
5 creatures vanquished.

Grand Total: 186 creatures vanquished

Notes
Turn   | Place    | Note
-------+----------+-------------------------------------------
     0 | D:1      | varam the Gargoyle Monk began the quest for the Orb.
     0 | D:1      | Reached XP level 1. HP: 14/14 MP: 1/1
    77 | D:1      | Reached XP level 2. HP: 16/19 MP: 2/2
   195 | D:1      | Found a sparkling altar of Nemelex Xobeh.
   350 | D:1      | Reached skill level 4 in Maces & Flails
   378 | D:1      | Reached XP level 3. HP: 15/23 MP: 3/3
  1068 | D:2      | Reached XP level 4. HP: 20/28 MP: 4/4
  1375 | D:2      | Reached skill level 5 in Maces & Flails
  1497 | D:3      | Noticed patrickswayze's ghost (amateur DsMo)
  1730 | D:3      | Reached XP level 5. HP: 24/32 MP: 5/5
  1913 | D:4      | Found a radiant altar of Vehumet.
  2023 | D:4      | Found a deep blue altar of Sif Muna.
  2121 | D:4      | Reached skill level 6 in Maces & Flails
  2195 | D:5      | Entered Level 5 of the Dungeon
  2196 | D:5      | Noticed Eustachio
  2238 | D:4      | Found a glowing golden altar of the Shining One.
  2351 | D:4      | Found Asmoc's Magic Scroll Emporium.
  2896 | D:5      | Killed Eustachio
  2896 | D:5      | Reached skill level 7 in Maces & Flails
  2896 | D:5      | Reached XP level 6. HP: 19/37 MP: 6/6
  3250 | D:5      | Found Zajas's Assorted Antiques.
  3263 | D:5      | Bought a square diamond amulet for 145 gold pieces
  3278 | D:5      | Reached skill level 1 in Armour
  3403 | D:5      | Reached XP level 7. HP: 31/41 MP: 7/7
  3834 | D:6      | Found a sacrificial altar of Ru.
  5233 | D:5      | Reached skill level 8 in Maces & Flails
  5683 | D:3      | Killed patrickswayze's ghost
  5683 | D:3      | Reached XP level 8. HP: 32/46 MP: 8/8
  6171 | D:5      | Reached skill level 5 in Armour
  6777 | D:6      | Reached skill level 9 in Maces & Flails
  7027 | D:6      | Found a staircase to the Ecumenical Temple.
  7081 | Temple   | Entered the Ecumenical Temple
  7085 | Temple   | Became a worshipper of Warmaster Okawaru
  7085 | Temple   | Reached * piety under Okawaru
  7085 | Temple   | Reached ** piety under Okawaru
  7585 | D:7      | Reached XP level 9. HP: 25/51 MP: 9/9
  7937 | D:7      | Reached skill level 10 in Maces & Flails
  8563 | D:8      | Reached *** piety under Okawaru
  8612 | D:8      | Noticed a seven-headed hydra
  8622 | D:7      | Slain by a seven-headed hydra

Vault maps used:
D:1:      lemuel_arrival_behind_the_door_large, nemelex_altar_shiori
D:2:      corexii_leaking_fountain, minmay_hedge_maze
D:4:      vehumet_crystals, tso_altar, overflow_temple_1_default, serial_shops,
          kennysheep_little_box
D:5:      serial_shops, shop, first_bread, minmay_crystal_room, uniq_eustachio
D:6:      kennysheep_big_flooded_room, nicolae_ru_great_annihilating_truth,
          serial_undead, serial_undead_e, serial_undead_e, serial_undead_b,
          serial_undead_e, lemuel_flamethrower_2
D:7:      the_bakery, nicolae_water_bricks
D:8:      grunt_temple_overflow_order_and_chaos_1,
          gammafunk_temple_overflow_forgotten, nicolae_ossuary_entry_giza,
          yredelemnul_altar_generic
Temple:   nicolae_temple_x_marks_the_god

Skill      XL: |  1  2  3  4  5  6  7  8  9 |
---------------+----------------------------+-----
Maces & Flails | 4 5 7 8 9 10 | 10.5
Armour         | 2 4 6 8 |  8.3
Fighting       | |  3.2
Dodging        | |  2.4
Stealth        | |  2.1

Action                   |  1- 3 |  4- 6 |  7- 9 || total
-------------------------+-------+-------+-------++-------
Melee: Mace              |   110 |   206 |   365 ||   681
       Whip              |       |       |   215 ||   215
       Flail             |       |       |   166 ||   166
       Punch             |       |       |     1 ||     1
Throw: Stone             |       |       |     2 ||     2
Invok: Heroism           |       |       |     5 ||     5
  Use: Scroll            |       |     2 |    10 ||    12
 Stab: Sleeping          |     7 |     2 |       ||     9
       Paralysed         |       |       |     2 ||     2
  Eat: Chunk             |     1 |     7 |    24 ||    32
       Fruit             |       |       |     3 ||     3
Armor: Robe              |    36 |    67 |       ||   103
       Scale mail        |       |    35 |   344 ||   379
Dodge: Dodged            |    81 |   123 |   261 ||   465
Block: Other             |       |     7 |   111 ||   118
       Reflection        |       |       |     1 ||     1
